 Dungeon Crawl Stone Soup version 0.32-a0-656-g3542139ebd (webtiles) character file.

Game seed: 7680169809345306376

2536687 gimp the Bringer of Law (level 27, 234/271 HPs)
             Began as a Mountain Dwarf Fighter on Mar 9, 2024.
             Was the Champion of Zin.
             Escaped with the Orb
             ... and 4 runes
             ... and 1 gem!
             The game lasted 02:56:39 (68403 turns).

gimp the Bringer of Law (Mountain Dwarf Fighter)   Turns: 68403, Time: 02:56:40

Health: 234/271    AC: 48    Str: 35      XL:     27
Magic:  40/40      EV: 11    Int: 12      God:    Zin [******]
Gold:   4738       SH: 25    Dex: 11 (13) Spells: 26/26 levels left

rFire   + + .        a - +9 broad axe (heavy)
rCold   + + .        i - +2 tower shield
rNeg    + . .        g - +9 scales of the Dragon King {rPois rF+ rC+ Will+}
rPois   +            B - +2 helmet
rElec   +            R - scarf {rC+ rF+}
rCorr   .            z - +2 pair of gloves
SInv    .            k - +2 pair of boots {Stlth+}
Will    +++..        l - amulet of Vitality {Regen++ RegenMP++} Stlth
                     p - ring of Eduopted {rN+ Str+6}
HPRegen 2.25/turn    U - ring of Goamis {Fly rElec Str+3 Stlth+}
MPRegen 1.07/turn

%: no passive effects
@: flying
A: runic magic, artefact enchanting
0: Orb of Zot
}: 4/15 runes: decaying, slimy, silver, gossamer
a: Renounce Religion, Recite, Vitalisation, Imprison, Sanctuary, Donate Gold


You escaped.
You worshipped Zin.
Zin was exalted by your worship.
You visited 13 branches of the dungeon, and saw 57 of its levels.
You visited 1 bazaar.
You also visited: Ossuary, Bailey, Wizlab and Desolation.

You collected 9760 gold pieces.
You spent 2492 gold pieces at shops.
You donated 2530 gold pieces to Zin.

Inventory:

Hand Weapons
 a - a +9 heavy broad axe (weapon)
 b - a +7 broad axe of holy wrath
Missiles
 c - 12 curare-tipped darts
 J - 5 throwing nets
Armour
 g - the +9 scales of the Dragon King (worn) {rPois rF+ rC+ Will+}
   (You found it on level 3 of the Swamp)

   rF+:       It protects you from fire.
   rC+:       It protects you from cold.
   rPois:     It protects you from poison.
   Will+:     It increases your willpower.
 i - a +2 tower shield (worn)
 k - a +2 pair of boots of stealth (worn)
 z - a +2 pair of gloves (worn)
 B - a +2 helmet (worn)
 R - a scarf of resistance (worn)
Jewellery
 l - the amulet of Vitality (around neck) {Regen++ RegenMP++}
   (You took it off a mummy priest on level 2 of the Crypt)

   [amulet of nothing]

   Regen++:   It increases your rate of health regeneration.
   RegenMP++: It increases your rate of magic regeneration.
 p - the ring of Eduopted (left hand) {rN+ Str+6}
   (You took it off a deep elf death mage on level 3 of the Elven Halls)

   [ring of positive energy]

   Str+6:     It affects your strength (+6).
   rN+:       It protects you from negative energy.
 M - the ring "Biem" {rF+ Str+6}
   (You found it on level 10 of the Dungeon)

   [ring of strength]

   Str+6:     It affects your strength (+6).
   rF+:       It protects you from fire.
 P - the ring "Carr" {Fly rCorr Dex+3 Stlth-}
   (You found it on level 3 of the Elven Halls)

   [ring of flight]

   Dex+3:     It affects your dexterity (+3).
   Fly:       It grants you flight.
   rCorr:     It protects you from acid and corrosion.
   Stlth-:    It makes you less stealthy.
 T - a ring of see invisible
 U - the ring of Goamis (right hand) {Fly rElec Str+3 Stlth+}
   (You took it off a ragged hierophant in the Desolation of Salt)

   [ring of flight]

   Str+3:     It affects your strength (+3).
   rElec:     It insulates you from electricity.
   Fly:       It grants you flight.
   Stlth+:    It makes you more stealthy.
 V - the ring "Xohebri" {rC+ Will+ Str+6}
   (You found it in the Desolation of Salt)

   [ring of strength]

   Str+6:     It affects your strength (+6).
   rC+:       It protects you from cold.
   Will+:     It increases your willpower.
Wands
 o - a wand of mindburst (54)
 t - a wand of flame (110)
 y - a wand of roots (39)
 H - a wand of charming (53)
 L - a wand of acid (35)
 S - a wand of digging (16)
Scrolls
 m - 3 scrolls of fear
 q - 10 scrolls of revelation
 s - 23 scrolls of teleportation
 x - 8 scrolls of vulnerability
 A - 6 scrolls of enchant armour
 C - 5 scrolls of blinking
 D - 4 scrolls of butterflies
 E - 7 scrolls of poison
 I - 6 scrolls of fog
 Q - 13 scrolls of immolation
 Y - a scroll of silence
Potions
 d - 9 potions of haste
 e - 14 potions of enlightenment
 f - 12 potions of mutation
 h - 11 potions of heal wounds
 j - 25 potions of curing
 n - 8 potions of invisibility
 u - 17 potions of might
 v - 7 potions of resistance
 w - 7 potions of magic
 F - a potion of berserk rage
 O - 8 potions of ambrosia
 Z - 2 potions of cancellation
Miscellaneous
 G - a lightning rod (4/4)
 K - a phial of floods
 N - a condenser vane
 W - a phantom mirror


   Skills:
 + Level 26.9 Fighting
 + Level 21.3 Axes
 + Level 26.9 Armour
 - Level 9.0 Dodging
 + Level 26.0 Shields
 O Level 27 Invocations
 - Level 15.0 Evocations


You had 26 spell levels left.
You didn't know any spells.
Your spell library contained the following spells:

 Spells                   Type           Power      Damage    Failure   Level
 Foxfire                  Conj/Fire      0%         2x1d4     45%         1
 Magic Dart               Conj           0%         1d3       45%         1
 Sandblast                Erth           0%         2d4       45%         1
 Shock                    Conj/Air       0%         1d3       45%         1
 Ensorcelled Hibernation  Hex/Ice        0%         N/A       58%         2
 Jinxbite                 Hex            0%         N/A       58%         2
 Scorch                   Fire           0%         2d5       58%         2
 Searing Ray              Conj           0%         2d4       58%         2
 Static Discharge         Conj/Air       0%         3-3/arc   58%         2
 Sublimation of Blood     Necr           0%         N/A       58%         2
 Call Canine Familiar     Summ           0%         N/A       83%         3
 Dazzling Flash           Conj/Hex       0%         N/A       83%         3
 Frozen Ramparts          Ice            0%         1d1       83%         3
 Gell's Gravitas          Tloc           0%         N/A       83%         3
 Hailstorm                Conj/Ice       0%         3d5       83%         3
 Mephitic Cloud           Conj/Alch/Air  0%         N/A       83%         3
 Ozocubu's Armour         Ice            0%         N/A       83%         3
 Passwall                 Erth           0%         N/A       83%         3
 Sigil of Binding         Hex            0%         N/A       83%         3
 Stone Arrow              Conj/Erth      0%         3d7       83%         3
 Swiftness                Air            0%         N/A       83%         3
 Teleport Other           Tloc           0%         N/A       83%         3
 Airstrike                Air            0%         2d(0-16)  99%         4
 Anguish                  Hex/Necr       0%         N/A       99%         4
 Brom's Barrelling Bould  Conj/Erth      0%         2d3       99%         4
 Cause Fear               Hex            0%         N/A       99%         4
 Dimensional Bullseye     Hex/Tloc       0%         N/A       99%         4
 Fulminant Prism          Conj/Alch      0%         3d5       99%         4
 Iskenderun's Mystic Bla  Conj/Tloc      0%         2d3       99%         4
 Olgreb's Toxic Radiance  Alch           0%         N/A       99%         4
 Petrify                  Alch/Erth      0%         N/A       99%         4
 Summon Lightning Spire   Summ/Air       0%         N/A       99%         4
 Alistair's Intoxication  Alch           0%         N/A       100%        5
 Borgnjor's Vile Clutch   Necr/Erth      0%         N/A       100%        5
 Curse of Agony           Necr           0%         N/A       100%        5
 Fireball                 Conj/Fire      0%         3d3       100%        5
 Irradiate                Conj/Alch      0%         3d11      100%        5
 Iskenderun's Battlesphe  Conj           0%         2d6       100%        5
 Metabolic Englaciation   Hex/Ice        0%         N/A       100%        5
 Silence                  Hex/Air        0%         N/A       100%        5
 Summon Forest            Summ/Tloc      0%         N/A       100%        5
 Yara's Violent Unravell  Hex/Alch       0%         3d3       100%        5
 Conjure Ball Lightning   Conj/Air       0%         3x3d6     100%        6
 Dispersal                Tloc           0%         N/A       100%        6
 Eringya's Noxious Bog    Alch           0%         4d6       100%        6
 Plasma Beam              Fire/Air       0%         2x1d10    100%        6
 Sculpt Simulacrum        Ice/Alch       0%         N/A       100%        6
 Starburst                Conj/Fire      0%         6d3       100%        6
 Enfeeble                 Hex            0%         N/A       100%        7
 Orb of Destruction       Conj           0%         9d5       100%        7
 Ozocubu's Refrigeration  Ice            0%         4d7       100%        7
 Spellforged Servitor     Conj/Summ      0%         N/A       100%        7
 Summon Hydra             Summ           0%         N/A       100%        7
 Discord                  Hex            0%         N/A       100%        8
 Disjunction              Tloc           0%         N/A       100%        8
 Ignition                 Fire           0%         3d3       100%        8
 Lehudib's Crystal Spear  Conj/Erth      0%         10d2      100%        8
 Dragon's Call            Summ           0%         N/A       100%        9
 Fire Storm               Conj/Fire      0%         5d1       100%        9


Dungeon Overview and Level Annotations

Branches:
Dungeon (15/15)            Temple (1/1) D:6            Lair (5/5) D:11
  Swamp (4/4) Lair:3       Spider (4/4) Lair:2        Slime (5/5) Lair:4
    Orc (2/2) D:11            Elf (3/3) Orc:2        Vaults (5/5) D:14
  Crypt (3/3) Vaults:2       Tomb (0/3) Crypt:3      Depths (4/4) D:15
   Hell (visited)             Dis (0/7) Hell            Geh (0/7) Hell
    Coc (0/7) Hell            Tar (0/7) Hell            Zot (5/5) Depths:4
Ossuary (visited)          Bailey (visited)          WizLab (visited)
Desolation (visited)

Altars:
Ashenzari
Cheibriados
Dithmenos
Elyvilon
Fedhas
Gozag
Hepliaklqana
Kikubaaqudgha
Makhleb
Nemelex Xobeh
Okawaru
Qazlal
Ru
Sif Muna
Trog
Uskayaw
Vehumet
Wu Jian
Xom
Yredelemnul
Zin
The Shining One
Beogh
Jiyva

Shops:
D:2 :   D:8 *   Orc:1 *   Orc:2 [?!:   Elf:2 ??*!*   Elf:3 =   Vaults:1 (
Vaults:2 (   Vaults:4 [

Portals:
Hell: Depths:1 Depths:2 Depths:3 Depths:4
Abyss: Depths:1 Depths:2 Depths:3
Pandemonium: Depths:2 Depths:4
Ziggurat: Depths:1
Trove: D:10 (give 3 potions of resistance)

Annotations:
Swamp:1 Roxanne
Elf:2 3 runed translucent doors, exclusion: 3 doors
Crypt:2 1 exclusion


Innate Abilities, Weirdness & Mutations

Your spellcasting is much less encumbered by armour.
You can use scrolls of enchantment on lesser artefacts.


Message History

You block the smoke demon's attack. The smoke demon closely misses you.
You block the smoke demon's attack.
You closely miss the smoke demon.
The smoke demon is moderately wounded.
You block the smoke demon's attack. The smoke demon closely misses you.
You block the smoke demon's attack.
You slice the smoke demon!!
You kill the smoke demon!
You feel your willpower return.
No target in view!
There is a stone staircase leading up here.
You fly upwards.
There is a stone staircase leading down here.
There is a stone staircase leading up here.
You fly upwards.
There is a stone staircase leading down here.
Things that are here:
a +0 orcbow; a centaur skeleton
There is a stone staircase leading up here.
You fly upwards.
There is a stone staircase leading down here.
There is a stone staircase leading up here.
You fly upwards.
There is a stone staircase leading down, spattered with blood here.
A centaur comes into view.
The centaur wields a +0 shortbow.
The centaur shoots an arrow.
You block the arrow.
The centaur shoots an arrow.
You block the arrow.
The centaur shoots an arrow.
The arrow barely misses you.
The centaur shoots an arrow.
The arrow completely misses you.
The centaur shoots an arrow.
You block the arrow.
The centaur shoots an arrow.
You block the arrow.
The centaur unwields a +0 shortbow.
You block the centaur's attack. x2
You completely miss the centaur. You block the centaur's attack. x3
The centaur misses you.
You slash the centaur!
The centaur is heavily wounded.
You block the centaur's attack. x2
You slash the centaur!
The centaur is almost dead.
You block the centaur's attack. x2
The centaur hits you but does no damage.
You block the centaur's attack.
You slice the centaur!!
You kill the centaur!
Things that are here:
a +0 shortbow; a centaur corpse
There is a stone staircase leading up here.
You fly upwards.
There is a stone staircase leading down here.
There is a stone staircase leading up here.
You fly upwards.
There is a stone staircase leading down here.
A rust devil comes into view.
You barely miss the rust devil. The rust devil completely misses you.
You barely miss the rust devil. You block the rust devil's attack.
You barely miss the rust devil. You block the rust devil's attack.
You slash the rust devil!
The rust devil is moderately wounded.
You block the rust devil's attack.
You barely miss the rust devil.
The rust devil is moderately wounded.
You block the rust devil's attack.
You cut the rust devil into ribbons!!!
You kill the rust devil!
No target in view!
No target in view!
No target in view!
You see here a +0 dagger.
A kobold is nearby!
The kobold shouts!
A tormentor comes into view.
You block the kobold's attack.
You cut the kobold into ribbons!!!
You kill the kobold!
The tormentor calls on the powers of darkness!
Your body is wracked with pain!
You take 120 damage, and have 151/271 hp.
MASSIVE DAMAGE!!
You regained 2 hp, and now have 153/271 hp.
You regained 2 hp, and now have 155/271 hp.
You open the tormentor like a pillowcase!!!
You kill the tormentor!
You regained 2 hp, and now have 157/271 hp.
No target in view!
No target in view!
There is a stone staircase leading up here.
You regained 3 hp, and now have 160/271 hp.
You fly upwards.
There is a stone staircase leading down here.
You see here a bat skeleton.
You regained 5 hp, and now have 165/271 hp.
There is a stone staircase leading up here.
You fly upwards.
There is a stone staircase leading down here.
Things that are here:
a +0 whip; a kobold skeleton
There is a staircase leading out of the dungeon here.
You regained 67 hp, and now have 232/271 hp.
You have escaped!

######.....#...#...#............
##..#...#..#..#...#......##.
######....#..#.)#..#..#.....####.
#....#.....#..#.#.#..#......# #.
#.##.#..#...#.#.#.#.#...#...# #.
#.##.#...##..#.#.#.#..##....# #.
#.##.......##.#...#.##......# ##
#.##.........#.....#........#
..##.#.######...@...######..#
####.#.......#.....#........#####
#.#.....##.#...#.##...........
#.#...##..#.#.#.#..##.........
#.#..#...#.#.#.#.#...#........
#.......#..#.#.#..#...........
#.#....#..#..#..#..#..........
#.##..#...#..#..#...#..#......
#.##.....#...#...#............


There were no monsters in sight!

Vanquished Creatures
  the Royal Jelly (Slime:5)
  A dread lich (Crypt:3)
  4 orbs of fire (Zot:5)
  Mara (Depths:2)
  4 ancient liches
  Khufu (Crypt:2)
  A royal mummy (Crypt:2)
  Bai Suzhen (Crypt:3)
  6 Killer Klowns (Zot:5)
  2 antique champions (WizLab)
  2 curse toes
  Geryon (Hell)
  9 golden dragons
  A profane servitor (Zot:5)
  Arachne (Spider:4)
  Norris (Depths:1)
  2 bone dragons
  2 doom hounds
  23 tentacled monstrosities
  3 electric golems
  Rupert (Orc:2)
  The ghost of Jesaaggu the Warrior, an adept MiNe of Uskayaw (Vaults:4)
  5 liches
  27 Orb Guardians
  2 deep elf master archers (Elf:3)
  Grunn (Depths:3)
  2 walking divine tomes
  A walking crystal tome (Depths:2)
  5 quicksilver dragons
  2 deep elf blademasters (Elf:3)
  11 sphinxes
  15 acid blobs
  4 death cobs
  Asterion (Vaults:1)
  6 ancient champions
  The ghost of Xedevy the Bewitcher, an adept KoEn of Dithmenos (Vaults:4)
  4 titans
  Gastronok (D:11)
  2 thorn hunters
  12 storm dragons
  Agnes (D:15)
  4 tengu reavers
  4 revenants
  3 fenstrider witches (Swamp:2)
  5 draconian shifters
  15 azure jellies
  4 protean progenitors
  9 shadow dragons
  7 draconian knights
  6 rockslimes
  10 fire giants
  9 draconian monks
  6 frost giants
  7 deep elf sorcerers
  4 balrugs
  3 emperor scorpions
  17 vault wardens
  An imperial myrmidon (Desolation)
  5 curse skulls
  7 draconian scorchers
  4 ghost moths
  6 draconian stormcallers
  A juggernaut zombie (Depths:3)
  8 iron dragons
  10 ghouls
  6 deep elf elementalists
  6 reapers
  A spectral juggernaut (Crypt:3)
  4 orc warlords
  A cacodemon (D:9)
  2 formless jellyfish
  3 spectral caustic shrikes (Depths:2)
  24 ironbound preservers
  A broodmother (Spider:4)
  16 very ugly things
  6 vampire knights
  7 draconian annihilators
  8 ironbound thunderhulks
  The ghost of DeathSocks the Severer, a journeyman DsGl of Yredelemnul (Lair:4)
  A juggernaut skeleton (WizLab)
  4 spriggan defenders
  13 quicksilver oozes
  3 putrid mouths
  14 green draconians
  26 stone giants
  Nessos (D:15)
  9 white draconians
  4 deep elf demonologists (Elf:3)
  13 deep elf death magi
  A grey draconian (Zot:2)
  17 yellow draconians
  11 purple draconians
  10 red draconians
  A lorocyproca (Depths:4)
  10 black draconians
  4 deep elf annihilators (Elf:3)
  3 bunyips
  5 eleionomae
  4 halazid warlocks (Desolation)
  10 war gargoyles
  12 spark wasps
  4 blizzard demons
  9 dire elephants
  2 green deaths
  2 merfolk javelineers (Depths:3)
  5 mummy priests (Crypt:2)
  9 eidola
  19 ettins
  21 jiangshi
  Josephine (D:11)
  A shambling mangrove (Swamp:4)
  A crystal guardian (Desolation)
  7 ragged hierophants (Desolation)
  A spectral quicksilver dragon (Crypt:3)
  11 deep elf high priests
  9 fire dragons
  An entropy weaver (shapeshifter) (Elf:1)
  14 yaktaur captains
  5 entropy weavers
  2 rakshasas
  17 hydras
  Erolcha (Orc:2)
  2 spriggan zombies
  Fannar (Lair:2)
  9 servants of whispers (Desolation)
  31 vault guards
  An ogre mage (Vaults:5)
  4 great orbs of eyes
  9 ice dragons
  13 peacekeepers
  A hell beast (Hell)
  16 alligators
  A ghost crab (Swamp:4)
  A spriggan air mage (Depths:2)
  5 ironbound frosthearts
  An anaconda (Zot:2)
  2 spriggan skeletons
  4 jorogumos
  9 two-headed ogres
  11 dancing weapons
  3 deep troll shamans
  10 centaur warriors
  6 boulder beetles
  5 deep troll earth magi
  3 death knights (Crypt:1)
  3 demonic crawlers
  22 death yaks
  6 tengu warriors
  An azure jelly zombie (Crypt:2)
  2 hell hogs (Lair:5)
  4 spriggan berserkers
  Urug (D:12)
  8 vampire magi
  10 sun demons
  A quicksilver ooze zombie (Crypt:3)
  A spectral dire elephant (Crypt:3)
  2 titan zombies
  16 hell knights
  9 deep elf knights
  5 orc high priests
  10 shadow wraiths
  An occultist (Depths:1)
  9 iron trolls
  A fire crab (shapeshifter) (D:14)
  A bunyip zombie (Crypt:2)
  4 soul eaters
  34 skeletal warriors
  3 skysharks
  A storm dragon zombie (Depths:3)
  5 large abominations
  7 goliath frogs
  2 golden dragon zombies
  A spark wasp zombie (Crypt:2)
  A glowing orange brain (shapeshifter) (Depths:3)
  5 glowing orange brains
  12 bog bodies
  7 pharaoh ants
  A quicksilver dragon simulacrum (Hell)
  4 spriggan druids
  A shadow demon (Hell)
  2 orange crystal statues (Vaults:4)
  10 orb spiders
  2 steelbarb worms
  18 deep elf archers
  9 swamp dragons
  2 tengu zombies
  9 flayed ghosts
  4 arcanists
  55 deep trolls
  An anaconda skeleton (Crypt:2)
  2 thermic dynamos (Elf:3)
  25 orc knights
  13 lindwurms
  A shadow dragon zombie (Crypt:3)
  36 phantasmal warriors
  An iron dragon zombie (Depths:2)
  24 deep elf pyromancers
  Pikel (D:9)
  Maurice (D:9)
  19 deep elf zephyrmancers
  A fire giant zombie (Depths:3)
  14 wolf spiders
  3 fauns (Zot:3)
  25 ironbound convokers
  19 ugly things
  16 necromancers
  An iron giant skeleton (Crypt:1)
  33 moths of wrath
  6 orc sorcerers
  A stone giant zombie (Crypt:1)
  3 shadow dragon skeletons
  5 human zombies
  A centaur zombie (Crypt:1)
  An alligator skeleton (Crypt:1)
  16 cyclopes
  5 shining eyes
  A tengu skeleton (Depths:3)
  An iron dragon skeleton (Crypt:2)
  A spectral centaur (Crypt:3)
  5 will-o-the-wisps
  2 fire giant skeletons
  4 meliai
  6 rust devils
  A stone giant skeleton (Crypt:2)
  6 elephants (Lair:5)
  4 manticores
  A guardian serpent (Desolation)
  9 black mambas
  5 torpor snails
  2 centaur skeletons
  5 molten gargoyles
  2 eyes of devastation
  21 vault sentinels
  Maggie (D:6)
  An elf skeleton (Vaults:4)
  A moth of wrath (shapeshifter) (Vaults:5)
  12 cane toads
  40 yaktaurs
  A gargoyle (D:12)
  A smoke demon (D:9)
  5 unseen horrors
  13 freezing wraiths
  2 efreet
  2 storm dragon simulacra (WizLab)
  2 kobold demonologists (D:10)
  An orange demon (D:9)
  A grey draconian zombie (Crypt:1)
  5 tormentors
  19 komodo dragons
  6 rime drakes
  2 green draconian zombies
  8 guardian mummies
  5 ice devils (Hell)
  2 tengu conjurers
  A queen bee (D:11)
  A red devil (Hell)
  11 polar bears
  A hydra zombie (Crypt:1)
  11 trolls
  43 blink frogs
  A tarantella (shapeshifter) (Vaults:5)
  7 hornets
  A hydra skeleton (Hell)
  29 tarantellas
  2 tengu simulacra
  8 tyrant leeches
  Prince Ribbit (D:5)
  A harpy skeleton (Hell)
  A glass eye (Depths:1)
  A raiju (shapeshifter) (Elf:2)
  72 saltlings (Desolation)
  Grinder (D:5)
  A stone giant simulacrum (Depths:1)
  4 dream sheep (Lair:5)
  An iron dragon simulacrum (Hell)
  27 jumping spiders
  25 culicivoras
  48 slime creatures
  13 shadows (Crypt:3)
  6 spriggans
  An air elemental (Elf:2)
  A centaur simulacrum (Crypt:2)
  9 wraiths
  5 basilisks
  2 fire elementals (D:14)
  3 vampires
  7 wyverns
  42 yaks
  14 water elementals
  A redback (shapeshifter) (D:15)
  7 golden eyes
  A steam dragon (Lair:5)
  38 redbacks
  5 vampire mosquitoes (Swamp:2)
  5 wargs
  A harpy simulacrum (Hell)
  4 chaos spawn (Depths:2)
  A glowing shapeshifter zombie (Depths:2)
  15 swamp worms
  An acid dragon (D:9)
  A spriggan simulacrum (Depths:1)
  3 naga zombies
  A two-headed ogre zombie (WizLab)
  A cane toad zombie (Crypt:3)
  5 hell hounds (Lair:5)
  48 orc warriors
  A two-headed ogre skeleton (Crypt:3)
  9 water moccasins
  An ettin simulacrum (Hell)
  A manticore zombie (Crypt:2)
  A deep troll skeleton (WizLab)
  An ice beast (D:5)
  9 swamp drakes
  A black bear (shapeshifter) (D:14)
  2 sky beasts
  16 ogres
  25 laughing skulls
  23 black bears
  2 black mamba simulacra
  A manticore skeleton (Crypt:3)
  17 wolves
  A dream sheep skeleton (Crypt:2)
  15 centaurs
  A snapping turtle skeleton (Crypt:2)
  4 lemures (D:9)
  9 weeping skulls (Crypt:3)
  A fire crab zombie (Crypt:1)
  3 kobold brigands
  11 bullfrogs
  4 small abominations (Depths:2)
  3 earth elementals
  4 scorpions
  A cyclops skeleton (WizLab)
  42 killer bees
  A howler monkey (D:5)
  8 electric eels
  3 bombardier beetles
  10 lava snakes
  6 hounds
  3 jellies
  A cyclops simulacrum (WizLab)
  33 orc priests
  3 sleepcaps (D:5)
  Jessica (D:2)
  A human skeleton (Crypt:1)
  2 iguanas
  36 orc wizards
  5 hell rats (Lair:2)
  14 mummies
  A howler monkey zombie (Crypt:3)
  9 gnolls
  An adder (D:4)
  A steam dragon zombie (Crypt:2)
  2 shadow imps (D:6)
  2 white imps
  An iguana zombie (Crypt:1)
  2 dart slugs
  5 ribbon worms
  86 orcs
  6 bats
  4 endoplasms
  3 giant cockroaches
  2 gnoll zombies (Ossuary)
  18 goblins
  16 hobgoblins
  4 quokkas
  A river rat zombie (Crypt:1)
  3 ball pythons
  6 frilled lizards
  2 hobgoblin zombies (Ossuary)
  21 kobolds
  2 kobold zombies (Ossuary)
  2 orc zombies (Ossuary)
  3 rats
  An aspiring flesh (Zot:2)
  A spectral weapon (Vaults:1)
2752 creatures vanquished.

Vanquished Creatures (collateral kills)
  Saint Roka (Vaults:4)
  Nikola (Swamp:2)
  A lich (Crypt:3)
  A vault warden (Vaults:4)
  A stone giant (Crypt:3)
  2 very ugly things (Depths:4)
  3 yaktaur captains (Vaults:4)
  A vault guard (Vaults:1)
  2 deep troll shamans (Depths:2)
  A spriggan berserker (Depths:3)
  A shadow wraith (Crypt:3)
  A flayed ghost (Crypt:3)
  5 deep trolls
  2 phantasmal warriors (Crypt:3)
  3 ironbound convokers (Vaults:4)
  An ugly thing (Vaults:1)
  A vault sentinel (Vaults:1)
  A glass eye (Depths:4)
  2 orc warriors (Orc:2)
  2 ogres (Crypt:3)
33 creatures vanquished.

Vanquished Creatures (others)
  A fire giant (Vaults:5)
  A ghost moth (Spider:4)
  A peacekeeper (Desolation)
  A vault guard (Vaults:5)
  A rakshasa (Depths:2)
  A spriggan (Swamp:4)
  A deep elf knight (Elf:3)
  A deep elf zephyrmancer (Elf:1)
  2 deep elf pyromancers
  A will-o-the-wisp (Swamp:2)
  A hornet (Swamp:4)
  2 saltlings (Desolation)
  A jumping spider (Spider:4)
  16 foxfires
31 creatures vanquished.

Grand Total: 2816 creatures vanquished

Notes
Turn   | Place    | Note
-------+----------+-------------------------------------------
     0 | D:1      | gimp the Mountain Dwarf Fighter began the quest for the
                  | Orb.
     0 | D:1      | Reached XP level 1. HP: 19/19 MP: 1/1
   315 | D:1      | Found a faded altar of an unknown god.
   389 | D:1      | Reached XP level 2. HP: 22/26 MP: 2/2
   916 | D:2      | Noticed Jessica
   917 | D:2      | Killed Jessica
   918 | D:2      | Reached XP level 3. HP: 33/33 MP: 3/3
  1010 | D:2      | Found an ancient bone altar of Kikubaaqudgha.
  1019 | D:2      | Found Woajaast's Book Shop.
  1184 | D:3      | Found a white marble altar of Elyvilon.
  1261 | D:3      | Reached XP level 4. HP: 25/40 MP: 4/4
  1287 | D:3      | Reached skill level 5 in Axes
  1434 | D:3      | Found a hazy altar of Hepliaklqana.
  1437 | D:3      | Found a radiant altar of Vehumet.
  1441 | D:3      | Found a sacrificial altar of Ru.
  1466 | D:3      | Found an ancient bone altar of Kikubaaqudgha.
  1879 | D:4      | Reached XP level 5. HP: 20/47 MP: 5/5
  2042 | D:4      | Found a sand-covered staircase.
  2132 | Ossuary  | Entered an ossuary
  2195 | Ossuary  | Reached skill level 5 in Fighting
  2351 | Ossuary  | Reached XP level 6. HP: 56/56 MP: 6/6
  3076 | D:5      | Entered Level 5 of the Dungeon
  3176 | D:5      | Reached XP level 7. HP: 59/61 MP: 7/7
  3735 | D:5      | Noticed Prince Ribbit
  3797 | D:5      | Killed Prince Ribbit
  3798 | D:5      | Reached skill level 5 in Armour
  3940 | D:6      | Noticed Grinder
  3959 | D:5      | Reached XP level 8. HP: 55/68 MP: 8/8
  4098 | D:6      | Noticed Maggie
  4201 | D:6      | Found a staircase to the Ecumenical Temple.
  4214 | Temple   | Entered the Ecumenical Temple
  4237 | Temple   | Became a worshipper of Trog the Wrathful
  4327 | D:6      | Paralysed by Grinder for 2 turns
  4334 | D:5      | Paralysed by Grinder for 2 turns
  4343 | D:5      | Killed Grinder
  4344 | D:5      | Reached skill level 10 in Axes
  4790 | D:6      | Killed Maggie
  5166 | D:7      | Found a snail-covered altar of Cheibriados.
  5344 | D:7      | Reached XP level 9. HP: 28/74 MP: 9/9
  5682 | D:7      | Reached * piety under Trog
  6340 | D:8      | Found a glowing silver altar of Zin.
  6392 | D:8      | Found Xomoaf's Lightly-Used Armoury.
  6490 | D:8      | Noticed a cyclops
  6497 | D:8      | Killed a cyclops
  6649 | D:9      | Found a flagged portal.
  6658 | Bailey   | Entered a bailey
  6785 | Bailey   | Reached ** piety under Trog
  6795 | Bailey   | Reached XP level 10. HP: 42/81 MP: 10/10
  6957 | Bailey   | Noticed an orc knight
  6969 | Bailey   | Killed an orc knight
  6970 | Bailey   | Noticed an orc warlord
  6973 | Bailey   | Identified the +8 hand axe of Ulyofeo {pain, Fly Str+4
                  | Dex+3 SInv}
  7045 | Bailey   | Killed an orc warlord
  7046 | Bailey   | Reached skill level 15 in Axes
  7046 | Bailey   | Reached skill level 5 in Shields
  7222 | Bailey   | Acquired 654 gold pieces
  7366 | D:9      | Noticed Maurice
  7368 | D:9      | Reached *** piety under Trog
  7392 | D:9      | Killed Maurice
  7484 | D:9      | Noticed a tengu warrior
  7502 | D:9      | Killed a tengu warrior
  7557 | D:9      | Reached XP level 11. HP: 78/86 MP: 11/11
  7677 | D:9      | Noticed Pikel
  7692 | D:9      | Killed Pikel
  8014 | D:9      | Identified the +7 war axe of Ignis's Fury {flame, rF+
                  | Dex+3}
  8031 | D:10     | Entered Level 10 of the Dungeon
  8469 | D:10     | Found a portal to a secret trove of treasure.
  8578 | D:10     | Identified the ring "Biem" {rF+ Str+6}
  8639 | D:10     | Found a shadowy altar of Dithmenos.
  8651 | D:10     | Reached **** piety under Trog
  8699 | D:10     | Noticed a deep troll
  8839 | D:10     | Noticed a soul eater
  8844 | D:10     | Killed a deep troll
  9088 | D:11     | Found a staircase to the Lair.
  9319 | D:11     | Found a staircase to the Orcish Mines.
  9501 | D:11     | Reached skill level 1 in Evocations
  9874 | Lair:1   | Entered Level 1 of the Lair of Beasts
 10292 | Lair:1   | Reached XP level 12. HP: 96/96 MP: 12/12
 11091 | Lair:2   | Noticed a death yak
 11091 | Lair:2   | Noticed a death yak
 11091 | Lair:2   | Noticed a death yak
 11092 | Lair:2   | Noticed a death yak
 11093 | Lair:2   | Noticed a death yak
 11094 | Lair:2   | Noticed a death yak
 11099 | Lair:2   | Killed a death yak
 11105 | Lair:2   | Killed a death yak
 11106 | Lair:2   | Reached skill level 10 in Armour
 11107 | Lair:2   | Killed a death yak
 11108 | Lair:2   | Reached skill level 5 in Evocations
 11112 | Lair:2   | Killed a death yak
 11112 | Lair:2   | Reached ***** piety under Trog
 11114 | Lair:2   | Killed a death yak
 11117 | Lair:2   | Killed a death yak
 11523 | Lair:2   | Noticed Fannar
 11541 | Lair:2   | Killed Fannar
 11652 | Lair:2   | Reached XP level 13. HP: 111/111 MP: 13/13
 12032 | Lair:2   | Found a hole to the Spider Nest.
 12441 | Lair:3   | Received a gift from Trog
 12661 | Lair:3   | Reached skill level 10 in Fighting
 13014 | Lair:3   | Found a staircase to the Swamp.
 13014 | Lair:3   | Noticed an eleionoma
 13022 | Lair:3   | Killed an eleionoma
 13705 | Lair:4   | You fall into a shaft and drop 1 floor!
 13705 | Lair:5   | Entered Level 5 of the Lair of Beasts
 13735 | Lair:5   | Reached skill level 10 in Evocations
 14089 | Lair:5   | Reached XP level 14. HP: 113/124 MP: 14/14
 14456 | Lair:4   | Found a runed translucent door.
 14492 | Lair:4   | Noticed DeathSocks's ghost (journeyman DsGl)
 14523 | Lair:4   | Received a gift from Trog
 14769 | Lair:4   | Found a viscous altar of Jiyva.
 14769 | Lair:4   | Found a staircase to the Slime Pits.
 15074 | Lair:4   | Killed DeathSocks's ghost
 15981 | Lair:5   | Reached skill level 15 in Armour
 16148 | Lair:5   | Found a large runed translucent door.
 16148 | Lair:5   | Found a large runed translucent door.
 16217 | Lair:5   | Received a gift from Trog
 16786 | Orc:1    | Entered Level 1 of the Orcish Mines
 16786 | Orc:1    | Found a roughly hewn altar of Beogh.
 16849 | Orc:1    | Found Vyfepebb's Assorted Antiques.
 16933 | Orc:2    | Entered Level 2 of the Orcish Mines
 17016 | Orc:2    | Found a staircase to the Elven Halls.
 17243 | Orc:2    | Noticed Erolcha
 17252 | Orc:2    | Killed Erolcha
 17253 | Orc:2    | Reached XP level 15. HP: 138/138 MP: 15/15
 17443 | Orc:2    | Found a roughly hewn altar of Beogh.
 17526 | Orc:2    | Received a gift from Trog
 17527 | Orc:2    | Reached skill level 10 in Shields
 18488 | Orc:2    | Received a gift from Trog
 18501 | Orc:2    | Noticed Rupert
 18517 | Orc:2    | Killed Rupert
 18887 | Orc:2    | Found Gelocs's Magic Scroll Emporium.
 18887 | Orc:2    | Found Kuegaruem's Antique Armour Emporium.
 18888 | Orc:2    | Found Saawuschi's Book Emporium.
 18888 | Orc:2    | Found Yceuj's Distillery.
 18899 | Orc:2    | Bought a pair of runed gloves for 270 gold pieces
 19055 | D:8      | Bought -2 gold dragon scales for 1120 gold pieces
 19124 | D:12     | Noticed Gastronok
 19126 | D:12     | Noticed Josephine
 19324 | D:11     | Killed Josephine
 19325 | D:11     | Reached skill level 15 in Fighting
 19609 | D:11     | Killed Gastronok
 20346 | D:12     | Noticed Urug
 20364 | D:12     | Killed Urug
 20897 | D:13     | Found an ornate altar of the Wu Jian Council.
 21382 | D:14     | Identified the +1 war axe "Plojy" {antimagic, rF+ Str+2}
                  | (Trog gifted it to you on level 14 of the Dungeon)
 21382 | D:14     | Received a gift from Trog
 21551 | D:14     | Found a gate to the Vaults.
 22345 | D:15     | Entered Level 15 of the Dungeon
 22547 | D:15     | Identified the +1 robe of Defiance {Will- rCorr Slay+3}
 22575 | D:15     | Identified the +0 pair of gloves of the Arcane {*Slow
                  | +Blink rF- rCorr}
 22594 | D:15     | Reached skill level 15 in Shields
 22624 | D:15     | Reached XP level 16. HP: 146/149 MP: 16/16
 22742 | D:15     | Noticed Nessos
 22749 | D:15     | Killed Nessos
 22894 | D:15     | Found a staircase to the Depths.
 23232 | D:15     | Noticed Agnes
 23240 | D:15     | Killed Agnes
 23740 | Swamp:1  | Entered Level 1 of the Swamp
 23874 | Swamp:1  | Noticed a thorn hunter
 23905 | Swamp:1  | Killed a thorn hunter
 24413 | Swamp:1  | Noticed Roxanne
 25026 | Swamp:2  | Paralysed by a fenstrider witch for 5 turns
 25516 | Swamp:2  | Noticed Nikola
 25536 | Swamp:2  | Killed Nikola
 25600 | Swamp:2  | Identified the +2 ring mail "Jaukk" {Will+ rCorr Dex+2}
 26010 | Swamp:3  | Found the +9 scales of the Dragon King {rPois rF+ rC+
                  | Will+}
 26270 | Swamp:3  | Found a radiant altar of Vehumet.
 26783 | Swamp:4  | Entered Level 4 of the Swamp
 27383 | Swamp:4  | Noticed a tentacled monstrosity
 27398 | Swamp:4  | Killed a tentacled monstrosity
 27399 | Swamp:4  | Reached XP level 17. HP: 160/160 MP: 17/17
 27600 | Swamp:4  | Identified the +7 quarterstaff of Raefach {flame, Will+
                  | rCorr Int+3}
 27711 | Swamp:4  | Received a gift from Trog
 28316 | Swamp:4  | Got a decaying rune of Zot
 28511 | Spider:1 | Entered Level 1 of the Spider Nest
 28662 | Spider:1 | Identified the +0 scale mail "Koll" {Int+5}
 30192 | Spider:3 | Reached ****** piety under Trog
 30871 | Spider:3 | Received a gift from Trog
 31608 | Spider:4 | Entered Level 4 of the Spider Nest
 31821 | Spider:4 | Reached XP level 18. HP: 157/174 MP: 18/18
 32519 | Spider:4 | Got a gossamer rune of Zot
 32623 | Spider:4 | Noticed Arachne
 32650 | Spider:4 | Killed Arachne
 33122 | Vaults:1 | Entered Level 1 of the Vaults
 33348 | Vaults:1 | Received a gift from Trog
 33699 | Vaults:1 | Noticed Asterion
 33721 | Vaults:1 | Killed Asterion
 34168 | Vaults:1 | Found Hetreby's Antique Weapon Emporium.
 35076 | Vaults:2 | Received a gift from Trog
 35111 | Vaults:2 | Noticed a lich
 35201 | Vaults:2 | Reached XP level 19. HP: 188/188 MP: 19/19
 35285 | Vaults:2 | Found Hawkoykh's Weapon Shoppe.
 35404 | Vaults:2 | Found a staircase to the Crypt.
 35581 | Vaults:2 | Received a gift from Trog
 37198 | Vaults:3 | Received a gift from Trog
 37729 | Vaults:3 | Reached skill level 1 in Dodging
 38162 | Vaults:4 | Received a gift from Trog
 38801 | Vaults:4 | Noticed Xedevy's ghost (adept KoEn)
 38801 | Vaults:4 | Noticed Jesaaggu's ghost (adept MiNe)
 38820 | Vaults:4 | Found a transporter.
 38826 | Vaults:4 | Found a transporter.
 38927 | Vaults:4 | Reached XP level 20. HP: 197/197 MP: 20/20
 39387 | Vaults:4 | Noticed Saint Roka
 39396 | Vaults:4 | Killed Saint Roka
 39686 | Vaults:4 | Found Otoenanegh's Antique Armour Shop.
 39702 | Vaults:4 | Bought a pair of runed boots for 240 gold pieces
 40235 | Depths:1 | Entered Level 1 of the Depths
 40294 | Depths:1 | Reached skill level 5 in Dodging
 40311 | Depths:1 | Found a magical portal.
 40339 | WizLab   | Entered Zonguldrok's Shrine
 40372 | WizLab   | Received a gift from Trog
 40960 | WizLab   | Noticed an antique champion
 40960 | WizLab   | Noticed an antique champion
 40968 | WizLab   | Killed an antique champion
 40984 | WizLab   | Killed an antique champion
 41278 | WizLab   | Identified the +5 crystal plate armour of Saifad {Str+3
                  | Dex+4}
 41297 | WizLab   | Identified the +1 crystal plate armour of the Desolation of
                  | Salt {rN+ rCorr}
 41308 | WizLab   | Identified the death talisman of Plog {Str+2 Int-3 Dex+2
                  | Slay+2}
 41371 | Depths:1 | Noticed Norris
 41383 | Depths:1 | Killed Norris
 41559 | Depths:1 | Received a gift from Trog
 41596 | Depths:1 | Reached skill level 15 in Evocations
 41688 | Depths:1 | Found a gateway to Hell.
 41863 | Depths:1 | Identified the staff of Uri Pong {*Slow Fly rElec Int+7
                  | SInv Air}
 41957 | Depths:1 | Identified the +6 rapier of Dismemberment {elec, rN+ Str+6
                  | Dex-5}
 41996 | Depths:1 | Found a one-way gate to the infinite horrors of the Abyss.
 42018 | Depths:1 | Reached XP level 21. HP: 204/204 MP: 21/21
 42086 | Depths:1 | Found a one-way gateway to a ziggurat.
 42361 | Depths:2 | Noticed Mara
 42475 | Depths:2 | Noticed gimp's illusion
 42483 | Depths:2 | Found a flickering gateway to a bazaar.
 42491 | Bazaar   | Entered a bazaar
 42511 | Bazaar   | Found Pofotugi's Magic Scroll Boutique.
 42514 | Bazaar   | Found Gumory's Book Shop.
 42516 | Bazaar   | Found Kacvon's Book Shoppe.
 42528 | Bazaar   | Found Xoipratu's Book Shoppe.
 42585 | Depths:2 | Noticed gimp's illusion
 42811 | Depths:2 | Noticed gimp's illusion
 43693 | Depths:2 | Noticed gimp's illusion
 43707 | Depths:2 | Killed Mara
 43791 | Depths:2 | Found a one-way gate leading to the halls of Pandemonium.
 44132 | Depths:2 | Found a sparkling altar of Nemelex Xobeh.
 44279 | Depths:2 | Received a gift from Trog
 44397 | Depths:2 | Reached XP level 22. HP: 213/213 MP: 22/22
 45222 | Depths:3 | Noticed Grunn
 45595 | Depths:3 | Found the +1 eveningstar "Brilliance" {foul flame, Umbra}
 45615 | Depths:3 | Killed Grunn
 45702 | Depths:3 | Received a gift from Trog
 46706 | Depths:4 | Entered Level 4 of the Depths
 46963 | Depths:4 | Reached XP level 23. HP: 141/215 MP: 23/23
 48102 | Depths:4 | Found a gate to the Realm of Zot.
 48350 | Elf:1    | Entered Level 1 of the Elven Halls
 48936 | Temple   | Fell from the grace of Trog
 48936 | Temple   | Became a worshipper of the Shining One
 49216 | Crypt:1  | Entered Level 1 of the Crypt
 49247 | Crypt:1  | Reached * piety under the Shining One
 49285 | Crypt:1  | Reached skill level 1 in Invocations
 49297 | Crypt:1  | Reached skill level 2 in Invocations
 49303 | Crypt:1  | Reached ** piety under the Shining One
 49313 | Crypt:1  | Reached skill level 3 in Invocations
 49420 | Crypt:1  | Reached skill level 4 in Invocations
 49493 | Crypt:1  | Reached *** piety under the Shining One
 49508 | Crypt:1  | Reached skill level 5 in Invocations
 49546 | Crypt:1  | Reached **** piety under the Shining One
 49555 | Crypt:1  | Reached skill level 6 in Invocations
 49612 | Crypt:1  | Reached ***** piety under the Shining One
 49621 | Crypt:1  | Reached skill level 7 in Invocations
 49845 | Crypt:1  | Reached skill level 8 in Invocations
 49869 | Crypt:1  | Reached skill level 9 in Invocations
 50103 | Crypt:2  | Reached skill level 10 in Invocations
 50116 | Crypt:2  | Reached ****** piety under the Shining One
 50652 | Crypt:2  | Reached skill level 11 in Invocations
 50834 | Crypt:2  | Reached skill level 12 in Invocations
 50890 | Crypt:2  | Noticed a royal mummy
 50900 | Crypt:2  | Killed a royal mummy
 51127 | Crypt:2  | Noticed Khufu
 51133 | Crypt:2  | Acquired 936 gold pieces
 51427 | Crypt:2  | Reached skill level 13 in Invocations
 51562 | Crypt:2  | Killed Khufu
 51566 | Crypt:2  | Paralysed by Trog for 5 turns
 51958 | Crypt:3  | Entered Level 3 of the Crypt
 51979 | Crypt:2  | Reached skill level 14 in Invocations
 52038 | Crypt:3  | Noticed Bai Suzhen
 52046 | Crypt:3  | Reached XP level 24. HP: 227/228 MP: 34/34
 52054 | Crypt:3  | Killed Bai Suzhen
 52055 | Crypt:3  | Reached skill level 15 in Invocations
 52243 | Crypt:3  | Found a staircase to the Tomb.
 52369 | Crypt:3  | Reached skill level 16 in Invocations
 52419 | Crypt:3  | Found a basalt altar of Yredelemnul.
 52572 | Crypt:3  | Noticed a dread lich
 52581 | Crypt:3  | Killed a dread lich
 52582 | Crypt:3  | Reached skill level 17 in Invocations
 53120 | Crypt:3  | Reached skill level 18 in Invocations
 53144 | Crypt:3  | Identified the +6 chain mail "Hero's Friend" {rCorr Dex+2}
 53855 | Lair:5   | Identified a +6 broad axe of holy wrath (a +4 broad axe of
                  | freezing blessed by the Shining One)
 53855 | Lair:5   | Received a gift from the Shining One
 54035 | D:8      | Fell from the grace of the Shining One
 54035 | D:8      | Became a worshipper of Zin the Law-Giver
 54035 | D:8      | Reached * piety under Zin
 54035 | D:8      | Reached ** piety under Zin
 54035 | D:8      | Reached *** piety under Zin
 54035 | D:8      | Reached **** piety under Zin
 54035 | D:8      | Reached ***** piety under Zin
 54205 | Vaults:5 | Entered Level 5 of the Vaults
 54216 | Vaults:5 | Noticed an ancient lich
 54216 | Vaults:5 | Noticed an ancient lich
 54249 | Vaults:5 | Reached skill level 19 in Invocations
 54266 | Vaults:5 | Donated 2349 gold pieces to Zin
 54283 | Vaults:5 | Identified the +3 orcbow of Conscience {freeze, rC++ Int+3}
 54375 | Vaults:5 | Identified the staff "Naeraym" {rF+ rC+ Fire}
 54571 | Vaults:5 | Killed an ancient lich
 54572 | Vaults:5 | Reached skill level 20 in Invocations
 54828 | Vaults:5 | Identified the +1 chain mail of Yredelemnul's Delight
                  | {Rampage Dex+3 SInv}
 54846 | Vaults:5 | Identified the +5 ring mail of Resilience {Harm rPois rN++
                  | Dex-3}
 54873 | Vaults:5 | Reached XP level 25. HP: 146/235 MP: 37/37
 54925 | Vaults:5 | Reached ****** piety under Zin
 54968 | Vaults:5 | Reached skill level 21 in Invocations
 55186 | Vaults:5 | Identified the +3 scale mail of Daffodils {Str-2 Dex+8}
 55213 | Vaults:5 | Identified the +3 falchion of Ewyef {heavy, Int+4 Dex+5}
 55227 | Vaults:5 | Identified the ring of Tihyz {rF- rN+ EV+5 Dex+2}
 55310 | Vaults:5 | Killed an ancient lich
 55693 | Vaults:5 | Got a silver rune of Zot
 55843 | Vaults:5 | Acquired a manual of Fighting
 56109 | Zot:1    | Entered Level 1 of the Realm of Zot
 56176 | Zot:1    | Reached skill level 22 in Invocations
 56600 | Slime:1  | Entered Level 1 of the Pits of Slime
 56842 | Slime:5  | Entered Level 5 of the Pits of Slime
 56925 | Slime:5  | Noticed the Royal Jelly
 56947 | Slime:5  | Killed the Royal Jelly
 57086 | Slime:5  | Identified the +3 halberd "Raisin" {elec, Will+}
 57087 | Slime:5  | Got a starry gem with 116 turns to spare
 57091 | Slime:5  | Got a slimy rune of Zot
 57101 | Slime:5  | Got the Catalogue of Arcane Weapons
 57144 | Slime:5  | Got Birem's Notes on the Door and Bewitchment
 57608 | Elf:1    | Got Asmodeus's Volume of Support
 58005 | Elf:2    | Found a crumbling gateway.
 58039 | Desolati | Entered the Desolation of Salt
 58084 | Desolati | Reached skill level 23 in Invocations
 58177 | Desolati | Was forgiven by Trog
 58194 | Desolati | Reached XP level 26. HP: 168/231 MP: 38/38
 58296 | Desolati | Found the +5 demon whip "Spellbinder" {antimagic, disrupt,
                  | Will+}
 58310 | Desolati | Found the sphere of Battle
 58365 | Desolati | Identified the ring of Goamis {Fly rElec Str+3 Stlth+}
 58399 | Desolati | Identified the ring "Xohebri" {rC+ Will+ Str+6}
 58403 | Desolati | Identified the +1 troll leather armour "Setuxkan" {rPois
                  | rC+ Regen+ MP+9 Slay+2}
 58432 | Desolati | Identified the amulet "Asiath" {+Inv Regen+ RegenMP+ Slay-2
                  | SInv}
 58568 | Desolati | Identified the +1 leather armour "Uvot" {Str+3}
 58570 | Desolati | Got the Guidebook on the Salamander and the Winter
 58574 | Desolati | Got the Vademecum on the Arsonist
 58908 | Elf:2    | Found a roughly hewn altar of Beogh.
 59096 | Elf:2    | Found Qippeixt's Assorted Antiques.
 59153 | Elf:2    | Reached skill level 24 in Invocations
 59235 | Elf:2    | Found Hionta's Magic Scroll Shop.
 59241 | Elf:2    | Bought a scroll of teleportation for 54 gold pieces
 59241 | Elf:2    | Bought a scroll of blinking for 135 gold pieces
 59241 | Elf:2    | Bought a scroll of teleportation for 54 gold pieces
 59292 | Elf:2    | Found Vuxkaor's Magic Scroll Shop.
 59298 | Elf:2    | Bought a scroll of blinking for 90 gold pieces
 59298 | Elf:2    | Bought a scroll of teleportation for 36 gold pieces
 59298 | Elf:2    | Bought a scroll of teleportation for 36 gold pieces
 59298 | Elf:2    | Bought a scroll of teleportation for 36 gold pieces
 59333 | Elf:2    | Found a runed translucent gate.
 59334 | Elf:2    | Found a runed translucent gate.
 59334 | Elf:2    | Found a runed translucent gate.
 59362 | Elf:2    | Found Obraupru's Distillery.
 59370 | Elf:2    | Bought a potion of heal wounds for 75 gold pieces
 59370 | Elf:2    | Bought a potion of heal wounds for 75 gold pieces
 59370 | Elf:2    | Bought 2 potions of curing for 90 gold pieces
 59370 | Elf:2    | Bought a potion of resistance for 150 gold pieces
 59426 | Elf:2    | Found Fotraess's Assorted Antiques.
 59432 | Elf:2    | Bought a scroll labelled ODI FISIOM for 31 gold pieces
 59581 | Elf:3    | Entered Level 3 of the Elven Halls
 59714 | Elf:3    | Found Rebbaff's Jewellery Boutique.
 60260 | Elf:3    | Identified the +8 scimitar "Worm" {venom, Str+8}
 60261 | Elf:3    | Identified the ring of Eduopted {rN+ Str+6}
 60660 | Elf:3    | Identified the beast talisman of a ziggurat {Str+3}
 60663 | Elf:3    | Identified the +1 buckler of Gesi Age {rF+}
 60701 | Elf:3    | Got the Compendium of the Pyre and Minerals
 60709 | Elf:3    | Identified the ring "Carr" {Fly rCorr Dex+3 Stlth-}
 60752 | Elf:3    | Reached skill level 25 in Invocations
 61628 | Vaults:4 | Killed Jesaaggu's ghost
 61643 | Vaults:4 | Killed Xedevy's ghost
 61672 | Vaults:4 | Reached XP level 27. HP: 249/249 MP: 39/39
 62066 | Zot:1    | Reached skill level 26 in Invocations
 62507 | Zot:1    | Reached skill level 27 in Invocations
 65443 | Zot:5    | Entered Level 5 of the Realm of Zot
 65656 | Hell     | Entered the Vestibule of Hell
 65656 | Hell     | Noticed Geryon
 65822 | Hell     | Killed Geryon
 65906 | Hell     | Found a gateway to the Iron City of Dis.
 65964 | Hell     | Found a gateway to the freezing wastes of Cocytus.
 66075 | Hell     | Found a gateway to the decaying netherworld of Tartarus.
 66122 | Hell     | Found a gateway to the ashen valley of Gehenna.
 66984 | Zot:5    | Gained mutation: You sometimes lose your temper in combat.
                  | [mutagenic glow]
 66993 | Zot:5    | Noticed an orb of fire
 67005 | Zot:5    | Gained mutation: You are frail. (-10% HP) [mutagenic glow]
 67012 | Zot:5    | Killed an orb of fire
 67012 | Zot:5    | Noticed an orb of fire
 67062 | Zot:4    | Lost mutation: You sometimes lose your temper in combat.
                  | [potion of mutation]
 67062 | Zot:4    | Lost mutation: You are frail. (-10% HP) [potion of
                  | mutation]
 67124 | Zot:5    | Killed an orb of fire
 67163 | Zot:5    | Noticed an orb of fire
 67178 | Zot:5    | Killed an orb of fire
 67268 | Zot:5    | Noticed an orb of fire
 67272 | Zot:5    | Noticed an ancient lich
 67283 | Zot:5    | Noticed an ancient lich
 67285 | Zot:5    | Killed an orb of fire
 67391 | Zot:5    | Killed an ancient lich
 67590 | Zot:5    | Killed an ancient lich
 67599 | Zot:5    | Identified the +3 leather armour "Boatt" {*Corrode Fly
                  | Str+6 Int+3}
 67803 | Zot:5    | Got the Orb of Zot
 68403 | D:$      | Escaped with the Orb!

Illustrated notes

Levels and vault maps discovered:
D:1:      minmay_arrival_radiant_lines, layout_basic,
          chequers_ecumenical_altar_grove
D:2:      layout_basic, serial_shops, shop, basic_altar, minmay_heptomino_w4,
          uniq_jessica
D:3:      layout_loops_ring, mainiacjoe_overflow_boulevard,
          nicolae_overflow_macrodata_refinement
D:4:      layout_rooms, nicolae_ossuary_entry_false_entrances
D:5:      layout_loops_cross, uniq_prince_ribbit1
D:6:      layout_cave_pools, minmay_temple_entry_proselytizer, uniq_maggie,
          uniq_grinder
D:7:      layout_loops_ring, kennysheep_slug_shrine
D:8:      layout_basic, overflow_temple_1_default, minmay_shop_damaged
D:9:      layout_cross, enter_bailey_3, roderic_lattice_a, uniq_maurice,
          uniq_pikel
D:10:     layout_rooms, nicolae_dithmenos_the_darkroom, enter_trove_2,
          serial_curves, eino_curves_04, eino_curves_03, kennysheep_island_fort
D:11:     layout_roguey [special_room_bee], erik_lair_island,
          lemuel_flamethrower_1
D:12:     layout_irregular_city, uniq_urug, uniq_gastronok, uniq_josephine
D:13:     layout_basic, nzn_wu_jian_council_hall
D:14:     layout_irregular_city, skrybe_vaults_entry_preservation,
          kennysheep_boxes, hangedman_decor_push, nrook_loot_triangle,
          nooodl_orcs_dogs
D:15:     hangedman_depths_entry_civil_slaughter, layout_basic,
          amcnicky_mini_pool_small, uniq_nessos, uniq_agnes
Temple:   jpeg_temple_clearing
Lair:1:   layout_layer_cave, infiniplex_staircase_pool, serial_bayou_shore_a
Lair:2:   layout_small_grid, nicolae_spider_entry_non_spiders,
          beast_lair_carwin_8, lemuel_fruit_fields, grunt_megastairs_3,
          lemuel_fruit_fields, lemuel_fruit_fields, uniq_fannar
Lair:3:   layout_gridlike, alex1729_swamp_entry_worm_eleionoma,
          grunt_forest_stairs_clearing
Lair:4:   layout_long_grid, dpeg_slime_entry_corner, ebering_ghost_inner_flame,
          chequers_serial_rivers_large_a
Lair:5:   cheibrodos_lair_end_hotspot, layout_regular_city
Swamp:1:  layout_basic_swamp, hangedman_swamp_diagram, uniq_roxanne
Swamp:2:  layout_basic_swamp, evilmike_swamp_ruin_house_4, swamp_pool_3,
          nicolae_swamp_spooky_pond, uniq_nikola
Swamp:3:  layout_basic_swamp, nicolae_swamp_round_clearing, swamp_pool_3,
          lemuel_altar_in_water
Swamp:4:  swamp_basic_johnstein, layout_basic_swamp
Spider:1: layout_spider_delve
Spider:2: layout_spider_delve
Spider:3: layout_chambers
Spider:4: grunt_spider_rune_island, uniq_arachne
Slime:1:  cheibrodos_slime_lost_civilization_3, layout_caves, basic_altar
Slime:2:  layout_caves
Slime:3:  layout_caves, special_room [special_room_jelly],
          nicolae_slime_ancient_tower_intersection
Slime:4:  layout_caves
Slime:5:  slime_pit
Orc:1:    layout_caves, serial_shops, shop, basic_altar, mines4_lemuel
Orc:2:    st_orc_pillars, layout_caves, basic_altar, uniq_erolcha, uniq_rupert
Elf:1:    eino_elf_arrival_shootout, layout_onion_city, minmay_elf_demonology
Elf:2:    nicolae_elf_blades_crystal_corner, layout_loops_corners, serial_shops,
          nicolae_stop_n_shop_1, shop, nicolae_lakefront_shop,
          nicolae_shop_rolling_square, nicolae_shop_just_a_little_nook,
          special_room [special_room_orc], portal_desolation_entry_garden
Elf:3:    elf_hall, layout_geoelf_diagonals, serial_shops, shop
Vaults:1: nicolae_vaults_hallways_thing, nicolae_vaults_heist,
          nicolae_vaults_tetromino_L_1, nicolae_vaults_little_squares_3,
          vaults_room_pools, v_misc_23, v_misc_17, v_misc_28,
          nicolae_vaults_asterisk, nicolae_vaults_stepped_doors,
          nicolae_vaults_wine_cellar, layout_vaults_ring, serial_shops,
          nicolae_shop_temple_entry_statues_fountains, uniq_asterion
Vaults:2: nicolae_vaults_six-pack, v_misc_28, nicolae_vaults_meeting,
          nicolae_vaults_taking_the_gang_shopping, nicolae_vaults_asterisk,
          nicolae_vaults_triangles, nicolae_vaults_mitosis,
          nicolae_vaults_ring_of_whatevers, grunt_vaults_funnel,
          vaults_dpeg_encased_lava, ontoclasm_vaults_pinch,
          minmay_crypt_entry_simple_sparse, nicolae_vaults_variable_pillar_hall,
          nicolae_vaults_trapezoid_1, layout_vaults_big_room
Vaults:3: vaults_mumra_minichess, nicolae_vaults_puzzle_piece, v_rooms_4,
          nicolae_vaults_network_star, v_misc_23, nicolae_vaults_angled_halls,
          vaults_room_corners, nicolae_vaults_rhombus_6, v_misc_17,
          dpeg_vaults_monster_box, layout_vaults_omnigrid
Vaults:4: nzn_ghost_randoct, nicolae_vaults_lightning_bolt, v_rooms_5,
          gargoyle_guard, hangedman_vaults_nodes, ontoclasm_vaults_tryst,
          vaults_standard_mumra_enter_the_diamond, hangedman_vaults_river_flow,
          nicolae_vaults_little_squares_3, nicolae_vaults_octothorpe,
          nicolae_vaults_little_squares_3, nicolae_vaults_little_squares_5,
          nicolae_vaults_little_ls, hangedman_vaults_stitches,
          layout_vaults_maze_bifur, serial_shops, nicolae_shop_window_shopping,
          uniq_saint_roka
Vaults:5
Crypt:1:  layout_rooms, grunt_crypt_arrival_guarded_gate, uniq_margery
Crypt:2:  ragdoll_tomb_raider, layout_gridlike
Crypt:3:  church_of_pain_bobbens, layout_chaotic_city,
          tomb_entry_simple_bobbens, minmay_misc_feat_pillars,
          nicolae_crypt_deepening_niches, uniq_bai_suzhen
Depths:1: layout_gridville, enter_ziggurat_d, pf_dread_powers_of_hell,
          mu_enter_wizlab_3, abyss_entry, dreamdust_wishing_well,
          minmay_strange_pillars, serial_bayou_lagoon_a,
          minmay_checkered_concentric_circles, uniq_norris
Depths:2: gold_lair_mu, layout_gridville, hangedman_decor_riveting, pan_entry,
          serial_shops, freezing_bzr, pf_hell_entry_tar_river,
          minmay_room_of_horrors, minmay_misc_feat_iff,
          small_chamber_with_monster, nemelex_diamond_rough_becter,
          minmay_staircase_statues_hall_small, uniq_mara
Depths:3: minmay_curly_fans, layout_cave_pools, hell_entry, chequers_big_river,
          abyss_entry_small_statue_room, serial_bayou_shore_b,
          infiniplex_staircase_river, uniq_grunn
Depths:4: evilmike_zot_entry_hall, layout_cave_pools, solitary_fountain,
          grunt_pan_entry_sceptre, hangedman_coc_ice_floe, serial_bayou_shore_b
Hell
Zot:1:    layout_cathedral_of_symmetry, hangedman_zot_decor_scrapings,
          hangedman_swamp_dais
Zot:2:    ebering_greatest_show_in_zot, layout_misc_corridors,
          regret_index_zotdec_serpentine_scales, zot_minivault_1,
          grunt_megastairs_2
Zot:3:    layout_onion_interference, skrybe_zot_glass_2,
          regret_index_zotdec_wing_it, grunt_megastairs_5
Zot:4:    layout_gridlike, st_small_dragon_hoard_2, st_stairs_2
Zot:5:    layout_gridlike, kennysheep_underground_church

Skill      XL: |  1  2  3  4  5  6  7  8  9 10 11 12 13 14 15 16 17 18 19 20 21 22 23 24 25 26 27 |
---------------+----------------------------------------------------------------------------------+-----
Axes           | 3 4 5 6 7 9 11 14 16 18 21 | 21.3
Fighting       | 4 5 6 9 11 14 15 16 18 20 21 23 25 26 | 26.9
Armour         | 4 5 7 9 11 13 15 17 19 21 22 23 24 25 26 | 26.9
Shields        | 6 9 15 16 17 19 20 22 24 26 | 26.0
Evocations     | 3 7 10 11 13 15 | 15.0
Dodging        | 3 6 8 9 |  9.0
Invocations    | 14 20 23 25 27 | 27.0

Action                     |  1- 3 |  4- 6 |  7- 9 | 10-12 | 13-15 | 16-18 | 19-21 | 22-24 | 25-27 || total
---------------------------+-------+-------+-------+-------+-------+-------+-------+-------+-------++-------
  Melee: War axe           |    89 |   153 |   220 |    45 |   127 |    69 |       |       |       ||   703
         Broad axe         |       |       |     7 |   450 |   957 |  1410 |  1223 |  1308 |  1913 ||  7268
         Hand axe          |       |       |       |       |     4 |       |       |       |       ||     4
 Invoke: Berserk           |       |       |     5 |    10 |    22 |    20 |    15 |    12 |       ||    84
         Trog's Hand       |       |       |       |     1 |     2 |     7 |     5 |     4 |       ||    19
         Brothers in Arms  |       |       |       |       |     1 |     4 |     7 |     3 |       ||    15
         Summon Divine War |       |       |       |       |       |       |       |     2 |       ||     2
         Recite            |       |       |       |       |       |       |       |     7 |    28 ||    35
         Vitalisation      |       |       |       |       |       |       |       |     4 |    12 ||    16
         Sanctuary         |       |       |       |       |       |       |       |     2 |     2 ||     4
         Donate Gold       |       |       |       |       |       |       |       |     1 |       ||     1
         Brand Weapon With |       |       |       |       |       |       |       |     1 |       ||     1
  Evoke: Wand              |       |       |    12 |       |       |     5 |       |     9 |       ||    26
         Condenser vane    |       |       |       |       |       |       |       |       |     2 ||     2
         Phantom mirror    |       |       |       |       |       |       |       |       |     1 ||     1
    Use: Potion            |       |     4 |     3 |     1 |       |     3 |     2 |    13 |     5 ||    31
         Scroll            |       |     2 |     8 |     8 |    15 |     5 |     8 |    30 |    12 ||    88
   Stab: Distracted        |       |       |       |       |       |     1 |       |       |       ||     1
         Paralysed         |       |       |       |       |       |       |       |     6 |    22 ||    28
         Confused          |       |       |       |       |       |       |       |     4 |    37 ||    41
         Invisible         |       |       |       |       |       |       |       |     2 |     1 ||     3
 Armour: Scale mail        |    89 |   128 |   177 |    14 |       |       |       |       |       ||   408
         Skin              |       |       |     3 |       |       |       |       |       |       ||     3
         Leather armour    |       |       |       |   296 |   417 |       |       |       |       ||   713
         Gold dragon scale |       |       |       |       |   219 |  1119 |   821 |  1186 |  1607 ||  4952
         Storm dragon scal |       |       |       |       |       |       |       |       |   181 ||   181
  Dodge: Dodged            |    43 |    49 |   107 |   183 |   277 |   212 |   170 |   364 |   551 ||  1956
  Block: Buckler           |    18 |    27 |    57 |    93 |   414 |    50 |       |       |       ||   659
         Reflection        |       |       |       |       |    18 |    57 |    62 |    36 |       ||   173
         Kite shield       |       |       |       |       |       |  1058 |       |       |       ||  1058
         Tower shield      |       |       |       |       |       |   236 |  1726 |  2100 |  2689 ||  6751

Table legend: (Time is in decaauts)
 A = Elapsed time spent in this place.
 B = Non-inter-level travel time spent in this place.
 C = Inter-level travel time spent in this place.
 D = Time resting spent in this place.
 E = Time spent auto-exploring this place.
 F = Levels seen in this place.
 G = Mean time per level.
                   A        B        C        D        E       F      G
               +--------+--------+--------+--------+--------+-----+--------+
         Total |  69255 |  62249 |   7006 |   3229 |  43255 |  62 | 1117.0 |
       Dungeon |  15265 |  12902 |   2363 |    688 |   9705 |  15 | 1017.7 |
        Temple |     90 |      4 |     86 |      0 |      0 |   1 |   90.0 |
          Lair |   7764 |   6783 |    981 |    324 |   5259 |   5 | 1552.8 |
         Swamp |   4892 |   4700 |    192 |     18 |   3875 |   4 | 1223.0 |
   Spider Nest |   4386 |   4245 |    141 |     13 |   3308 |   4 | 1096.5 |
    Slime Pits |    610 |    592 |     18 |    147 |      1 |   5 |  122.0 |
  Orcish Mines |   2301 |   2056 |    245 |    113 |   1403 |   2 | 1150.5 |
   Elven Halls |   3210 |   2900 |    310 |     51 |   1923 |   3 | 1070.0 |
        Vaults |   9456 |   8495 |    961 |    779 |   5308 |   5 | 1891.2 |
         Crypt |   4319 |   4084 |    235 |    134 |   2665 |   3 | 1439.7 |
        Depths |   7854 |   6985 |    869 |    660 |   4554 |   4 | 1963.5 |
          Hell |    518 |    499 |     19 |      0 |    301 |   1 |  518.0 |
           Zot |   5539 |   4959 |    580 |    182 |   3182 |   5 | 1107.8 |
        Bazaar |     69 |     69 |      0 |      0 |     38 |   1 |   69.0 |
       Ossuary |    434 |    434 |      0 |      0 |    308 |   1 |  434.0 |
        Bailey |    649 |    649 |      0 |     44 |    350 |   1 |  649.0 |
        Wizlab |   1020 |   1020 |      0 |     72 |    638 |   1 | 1020.0 |
    Desolation |    870 |    870 |      0 |      0 |    433 |   1 |  870.0 |
               +--------+--------+--------+--------+--------+-----+--------+

Top non-repeatable levels by time:
Depths:2: 2754 daAuts
Vaults:3: 2153 daAuts
    D:11: 2056 daAuts
Vaults:4: 1994 daAuts
  Lair:5: 1931 daAuts
Vaults:1: 1897 daAuts
Depths:3: 1897 daAuts
Vaults:5: 1799 daAuts
   Orc:2: 1773 daAuts
Depths:4: 1669 daAuts
  Lair:2: 1657 daAuts
    D:14: 1646 daAuts
Vaults:2: 1611 daAuts
 Crypt:2: 1593 daAuts
 Swamp:4: 1579 daAuts
